 Dungeon Crawl Stone Soup version 0.17-a0-963-gaa5423c (webtiles) character file.

11949 oplop the Jinx (level 11, -19/56 HPs)
             Began as a Spriggan Enchanter on May 8, 2015.
             Was a Believer of Makhleb.
             Demolished by a catoblepas (30 damage)
             ... on level 1 of the Lair of Beasts.
             The game lasted 00:29:19 (9158 turns).

oplop the Jinx (Spriggan Enchanter)                 Turns: 9158, Time: 00:29:19

Health: -19/56     AC:  5    Str:  4    XL:     11   Next: 56%
Magic:  1/36       EV: 25    Int: 19    God:    Makhleb [**....]
Gold:   588        SH:  0    Dex: 18    Spells: 6 memorised, 12 levels left

rFire  . . .     SeeInvis +     B - +1 dagger (distort)
rCold  . . .     Clarity  +     b - +2 robe
rNeg   . . .     SustAb   .     (shield restricted)
rPois  +         Gourm    .     (helmet restricted)
rElec  .         Spirit   .     f - +0 cloak
rCorr  .         Warding  .     (gloves unavailable)
rMut   .         Stasis   .     (boots unavailable)
MR     +....                    V - amulet of clarity
Stlth  +++++.....               v - ring of poison resistance
                                n - ring of magical power

@: very slightly contaminated, very quick, somewhat resistant to hostile
enchantments, quite stealthy
A: unfitting armour, see invisible, herbivore 3, speed 3, slow metabolism 2
a: Minor Destruction, Renounce Religion


You were on level 1 of the Lair of Beasts.
You worshipped Makhleb.
Makhleb was pleased with you.
You were not hungry.

You visited 3 branches of the dungeon, and saw 12 of its levels.
You also visited: Ossuary.

You collected 588 gold pieces.

Inventory:

Hand weapons
 B - a +1 dagger of distortion (weapon)
Missiles
 R - 8 throwing nets (quivered)
Armour
 b - a +2 robe (worn)
 f - a +0 cloak (worn)
Jewellery
 n - a ring of magical power (left hand)
 o - an uncursed ring of flight
 v - a ring of poison resistance (right hand)
 w - an uncursed ring of sustain abilities
 y - an uncursed ring of protection from cold
 C - an uncursed ring of teleportation
 D - an uncursed ring of protection from magic
 J - an uncursed amulet of resist corrosion
 V - an amulet of clarity (around neck)
Magical devices
 a - a wand of lightning (13)
 t - a wand of slowing (38)
 H - a wand of paralysis (9)
 I - a wand of fire (5)
 M - a wand of fire (4)
 Y - a wand of fire (11)
Scrolls
 g - 5 scrolls of remove curse
 i - 2 scrolls of noise
 k - 3 scrolls of recharging
 l - 2 scrolls of amnesia
 G - a scroll of magic mapping {unknown}
 L - 5 scrolls of teleportation
 O - 3 scrolls of random uselessness {unknown}
 P - 2 scrolls of identify
 Q - a scroll of holy word {unknown}
 T - a scroll of fear {unknown}
 U - a scroll of enchant weapon
Potions
 h - 6 potions of cancellation
 j - a potion of magic {unknown}
 m - 3 potions of might
 p - 4 potions of agility {unknown}
 q - 6 potions of curing
 s - 2 potions of brilliance {unknown}
 u - 4 potions of heal wounds {unknown}
 x - 3 potions of cure mutation {unknown}
 z - a potion of poison {unknown}
 A - a potion of resistance {unknown}
 E - 3 potions of flight {unknown}
 F - 2 potions of lignification {unknown}
 K - a potion of berserk rage {unknown}
 N - 3 potions of haste {unknown}
 W - a potion of degeneration {unknown}
Books
 c - a book of Maledictions

   Spells                             Type                      Level
   a - Corona                         Hexes                        1
   b - Ensorcelled Hibernation        Hexes/Ice                    2
   c - Confuse                        Hexes                        3
   d - Tukima's Dance                 Hexes                        3
   e - Dazzling Spray                 Conjuration/Hexes            3
 X - a book of Clouds

   Spells                             Type                      Level
   a - Mephitic Cloud                 Conjuration/Poison/Air       3
   b - Conjure Flame                  Conjuration/Fire             3
   c - Poisonous Cloud                Conjuration/Poison/Air       6
   d - Freezing Cloud                 Conjuration/Ice/Air          6
   e - Ring of Flames                 Charms/Fire                  7
 Z - a book of Burglary

   Spells                             Type                      Level
   a - Swiftness                      Charms/Air                   2
   b - Passwall                       Transmutation/Earth          3
   c - Passage of Golubria            Translocation                4
   d - Lee's Rapid Deconstruction     Earth                        5
   e - Invisibility                   Hexes                        6
   f - Darkness                       Hexes                        7
Comestibles
 d - 6 bread rations
 S - 23 royal jellies


   Skills:
 - Level 6.2 Fighting
 + Level 7.0 Short Blades
 - Level 8.8 Dodging
 - Level 8.4 Stealth
 + Level 11.6 Spellcasting
 + Level 11.7 Hexes
 + Level 4.5 Translocations


You had 12 spell levels left.
You knew the following spells:

 Your Spells              Type           Power        Failure   Level  Hunger
a - Dazzling Spray        Conj/Hex       ####....     1%          3    None
b - Ensorcelled Hibernat  Hex/Ice        ####..       1%          2    None
c - Confuse               Hex            ######..     1%          3    None
d - Tukima's Dance        Hex            ######..     1%          3    None
e - Invisibility          Hex            ######..     10%         6    ######.
f - Passage of Golubria   Tloc           N/A          12%         4    ##.....


Dungeon Overview and Level Annotations

Branches:
Dungeon (10/15)            Temple (1/1) D:4            Lair (1/8) D:10
    Orc (0/4) D:10

Altars:
Ashenzari
Cheibriados
Dithmenos
Elyvilon
Fedhas
Gozag
Kikubaaqudgha
Makhleb
Nemelex Xobeh
Okawaru
Ru
Trog
Vehumet
Xom
Yredelemnul
Zin
The Shining One

Shops:
D:8 (


Innate Abilities, Weirdness & Mutations

You are tiny and cannot use many weapons and most armour.
You have supernaturally acute eyesight.
You are a herbivore.
You cover ground extremely quickly.
You need consume almost no food.


Message History

Aiming: Dazzling Spray
Press: ? - help, Shift-Dir - straight line, f/p - catoblepas
Aim: a catoblepas (lightly wounded)
The spray of energy hits the catoblepas.
The catoblepas is lightly wounded.
The catoblepas snuffles in challenge.
The catoblepas closely misses you.
Casting: Dazzling Spray
Confirm with . or Enter, or press ? or * to list all spells.
Aiming: Dazzling Spray
Press: ? - help, Shift-Dir - straight line, f/p - catoblepas
Aim: a catoblepas (lightly wounded)
The spray of energy hits the catoblepas.
The catoblepas is lightly wounded.
The catoblepas gores you!!
* * * LOW HITPOINT WARNING * * *
Drink which item? (? for menu, Esc to quit)
You feel better. The catoblepas gores you!!
Ouch! That really hurt!
You die...

##.......†††....#
##.......†.#†....#
##.......†..#.....#
###......<....#.....#
##............÷#######
#........#.......## ..
##......##.........#
...
##.......###........##
#.. #.......##
##...@....# ...
.......##
##...Y...###.#
......##
#.......=##..####.
......#
##....÷.##.....#..
....###
##......#.......#.
..###
#..........#.....##
.#.#
##.....#.##...##..##
.###
#.................# ##
##.#.#...........##


You could see a catoblepas.

Vanquished Creatures
  2 centaur warriors
  4 spiny frogs (Lair:1)
  A queen bee (Lair:1)
  A troll (D:10)
  5 yaks (Lair:1)
  The ghost of Githyanki the Skirmisher, an average DDFi (D:4)
  Eustachio (D:6)
  2 hippogriffs (Lair:1)
  5 wolves
  A hungry ghost (D:8)
  3 wargs (D:10)
  2 water moccasins (Lair:1)
  4 ice beasts (D:9)
  2 ogres (D:9)
  A porcupine (Lair:1)
  2 sky beasts
  A black bear (D:8)
  A crocodile (Lair:1)
  5 giant frogs
  A wyvern zombie (D:7)
  3 centaurs
  3 scorpions
  30 killer bees
  4 electric eels
  2 crimson imps
  2 wights (D:7)
  A centaur zombie (Ossuary)
  5 jellies
  3 iguanas
  9 hounds
  A giant frog skeleton (D:4)
  2 orc priests
  2 centaur skeletons
  5 orc wizards
  8 worker ants
  A killer bee zombie (D:8)
  A big kobold zombie (Ossuary)
  A hound zombie (D:10)
  3 mummies (Ossuary)
  9 adders
  5 oozes (D:8)
  A worm zombie (D:8)
  4 worms
  3 giant geckos
  22 orcs
  A ball python (D:5)
  A bat skeleton (D:4)
  A bat zombie (D:7)
  5 giant cockroaches
  14 goblins
  14 hobgoblins
  6 jackals
  A quokka (D:10)
  12 bats
  2 giant newts
  A hobgoblin zombie (Ossuary)
  A jackal zombie (D:8)
  10 kobolds
  A kobold zombie (D:8)
  A quokka zombie (D:8)
  18 rats
264 creatures vanquished.

Vanquished Creatures (collateral kills)
  Erolcha (D:8)
  2 two-headed ogres (D:8)
  An orc warrior (D:9)
  An ice beast (D:9)
  A black bear (D:7)
  4 ogres
  A wight (D:7)
  2 orc priests
  4 orc wizards
  An adder skeleton (D:8)
  10 orcs
  A bat (D:5)
  A goblin (D:5)
30 creatures vanquished.

Vanquished Creatures (others)
  An ugly thing (D:9)
  A trapdoor spider zombie (D:10)
  A hungry ghost (D:9)
  A warg (D:10)
  A centaur (D:8)
  A wight (D:7)
  A crimson imp (D:10)
  A mummy (Ossuary)
  An orc (D:9)
  A hobgoblin (D:4)
  A hobgoblin zombie (Ossuary)
  A fungus (Lair:1)
12 creatures vanquished.

Grand Total: 306 creatures vanquished

Notes
Turn   | Place    | Note
--------------------------------------------------------------
     0 | D:1      | oplop, the Spriggan Enchanter, began the quest for the Orb.
     0 | D:1      | Reached XP level 1. HP: 9/9 MP: 5/5
   333 | D:1      | Reached XP level 2. HP: 13/13 MP: 7/7
   977 | D:1      | Learned a level 2 spell: Ensorcelled Hibernation
  1111 | D:2      | You fall through a shaft!
  1118 | D:3      | Reached XP level 3. HP: 13/16 MP: 9/9
  1136 | D:3      | Learned a level 3 spell: Confuse
  1140 | D:3      | Learned a level 3 spell: Tukima's Dance
  1262 | D:3      | Reached XP level 4. HP: 11/21 MP: 10/10
  1966 | D:4      | Noticed a sky beast
  2317 | D:4      | Reached XP level 5. HP: 24/24 MP: 12/12
  2343 | D:4      | Found a sacrificial altar of Ru.
  2466 | D:4      | Reached skill level 5 in Spellcasting
  2466 | D:4      | Reached skill level 5 in Hexes
  2513 | D:4      | Reached XP level 6. HP: 17/28 MP: 15/15
  2535 | D:4      | Found a staircase to the Ecumenical Temple.
  2783 | D:4      | Noticed Githyanki's ghost (average DDFi)
  2869 | D:4      | Killed a sky beast
  3109 | D:4      | Killed Githyanki's ghost
  3109 | D:4      | Reached skill level 6 in Spellcasting
  3109 | D:4      | Reached XP level 7. HP: 19/32 MP: 17/17
  3117 | D:5      | Entered Level 5 of the Dungeon
  3233 | D:5      | Reached skill level 5 in Short Blades
  3809 | D:6      | Found an opulent altar of Gozag.
  3833 | D:6      | Reached skill level 7 in Spellcasting
  4028 | D:6      | Noticed Eustachio
  4039 | D:6      | Killed Eustachio
  4039 | D:6      | Reached skill level 1 in Fighting
  4074 | D:6      | Found a shimmering altar of Xom.
  4178 | D:6      | Found a burning altar of Makhleb.
  4258 | D:6      | Reached XP level 8. HP: 34/37 MP: 19/19
  4453 | D:7      | Found a white marble altar of Elyvilon.
  4483 | D:7      | Found a basalt altar of Yredelemnul.
  4495 | D:7      | Found a basalt altar of Yredelemnul.
  4597 | D:7      | Reached skill level 5 in Dodging
  4942 | D:7      | Reached skill level 8 in Spellcasting
  5092 | D:8      | Noticed Erolcha
  5097 | D:8      | Found Fyzu's Antique Weapon Emporium.
  5135 | D:8      | Killed Erolcha
  5135 | D:8      | Reached XP level 9. HP: 33/44 MP: 9/22
  5447 | D:8      | Reached skill level 9 in Hexes
  5455 | D:8      | Noticed a two-headed ogre
  5458 | D:8      | Killed a two-headed ogre
  5475 | D:8      | Found a shadowy altar of Dithmenos.
  5516 | D:8      | Found a sand-covered staircase.
  5530 | Ossuary  | Entered an ossuary
  6132 | D:9      | Noticed a purple ugly thing
  6229 | D:9      | Banished a purple ugly thing
  6289 | D:9      | Reached XP level 10. HP: 48/51 MP: 24/24
  6425 | D:9      | Found a blossoming altar of Fedhas.
  6522 | D:9      | Noticed a gargoyle
  6562 | D:9      | Noticed a centaur warrior
  6563 | D:9      | HP: 1/51 [centaur warrior/arrow of flame (10)]
  6580 | D:8      | Reached skill level 10 in Hexes
  6865 | D:8      | Learned a level 3 spell: Dazzling Spray
  6923 | D:9      | Reached skill level 5 in Stealth
  6930 | D:9      | Reached skill level 10 in Spellcasting
  6973 | D:9      | Reached skill level 5 in Fighting
  7060 | D:9      | Killed a centaur warrior
  7140 | D:10     | Entered Level 10 of the Dungeon
  7177 | D:10     | Found a staircase to the Orcish Mines.
  7497 | D:10     | Found a staircase to the Lair.
  7646 | D:10     | Noticed a centaur warrior
  7666 | D:10     | Killed a centaur warrior
  7666 | D:10     | Reached skill level 11 in Hexes
  7762 | D:10     | Found an opulent altar of Gozag.
  7981 | Temple   | Entered the Ecumenical Temple
  8290 | D:6      | Became a worshipper of Makhleb the Destroyer
  8455 | D:10     | Reached XP level 11. HP: 51/56 MP: 26/26
  8565 | Lair:1   | Entered Level 1 of the Lair of Beasts
  8593 | Lair:1   | Learned a level 6 spell: Invisibility
  8598 | Lair:1   | Learned a level 4 spell: Passage of Golubria
  8613 | Lair:1   | Reached skill level 1 in Translocations
  8759 | Lair:1   | Acquired Makhleb's first power
  8776 | Lair:1   | Noticed a catoblepas
  8965 | Lair:1   | HP: 2/56 [killer bee (4)]
  8974 | Lair:1   | Acquired Makhleb's second power
  9157 | Lair:1   | HP: 2/56 [catoblepas (20)]
  9158 | Lair:1   | Demolished by a catoblepas

Action                   |  1- 3 |  4- 6 |  7- 9 | 10-12 || total
-------------------------+-------+-------+-------+-------++-------
Melee: Dagger            |   140 |   179 |   291 |   299 ||   909
 Cast: Corona            |     1 |       |       |       ||     1
       Ensorcelled Hiber |     7 |    10 |    21 |    25 ||    63
       Confuse           |     1 |    12 |    30 |    32 ||    75
       Tukima's Dance    |       |     8 |    19 |     9 ||    36
       Dazzling Spray    |       |       |       |    11 ||    11
       Invisibility      |       |       |       |     2 ||     2
  Use: Scroll            |       |     1 |    10 |       ||    11
       Potion            |       |       |       |     4 ||     4
 Stab: Sleeping          |     8 |    13 |    32 |    23 ||    76
       Confused          |     1 |     3 |    11 |    11 ||    26
       Distracted        |       |     3 |       |       ||     3
       Paralysed         |       |     1 |       |       ||     1
       Held in net/web   |       |       |     2 |       ||     2
       Invisible         |       |       |       |    19 ||    19
  Eat: Pizza             |       |     1 |     2 |       ||     3
       Fruit             |       |       |     3 |       ||     3
       Royal jelly       |       |       |       |     2 ||     2
